Map: Ruins of Endion

Players

jasonhoblin - Winner!

  • Race: Terran Terran
  • League: Silver

Kobra

  • Race: Zerg Zerg
  • League: Bronze

VOD

Have the link to the VOD?

Description

Time

  • Played on: June 27, 2016, 10:20 p.m.
  • Length: 18:12
Show
View Real Time Build Order
Export as new Build Order

jasonhoblin Terran - Winner!

Build Orders: Command Center First (CC) 

Get SALT Encoding   

  12  0:03  SCV  
  13  0:21  Supply Depot  
  13  0:23  SCV  
  14  0:35  SCV  
  15  1:02  SCV  
  16  1:07  Command Center  
  16  1:22  Supply Depot  
  16  1:26  SCV  
  17  1:36  Barracks  
  17  1:48  SCV  
  17  1:53  Refinery  
  18  2:00  SCV, Barracks  
  19  2:07  Supply Depot  
  19  2:12  SCV  
  20  2:37  Orbital Command x2  
  20  2:39  Marine  
  21  2:50  Refinery  
  22  3:04  Barracks Tech Lab  
  21  3:07  Marine  
  22  3:14  Factory  
  23  3:27  SCV x2  
  24  4:13  Bunker  
  24  4:15  Supply Depot  
  24  4:17  Barracks  
  24  4:20  Factory  
  24  4:22  SCV x2  
  24  4:23  Supply Depot  
  26  4:36  Barracks Tech Lab  
  26  4:39  Siege Tank  
  26  4:40  Barracks Reactor  
  29  5:03  Marine  
  29  5:05  Factory Reactor  
  29  5:06  Barracks Reactor  
  30  5:09  Supply Depot  
  30  5:12  SCV x2  
  30  5:13  Refinery  
  32  5:19  Siege Tank  
  35  5:24  SCV x2  
  37  5:34  Engineering Bay  
  37  5:46  Refinery, SCV x2  
  37  5:47  Marine x5  
  44  5:50  Supply Depot, Widow Mine x2  
  44  5:51  Siege Tank  
  44  5:54  Supply Depot  
  51  6:03  Missile Turret  
  51  6:11  Missile Turret  
  51  6:26  Missile Turret  
  51  6:30  Marine x4  
  51  6:31  Marine  
  56  6:43  Widow Mine x2, Siege Tank  
  56  6:45  Supply Depot  
  63  7:05  Marine  
  63  7:06  Marine x4  
  68  7:13  Starport  
  68  7:17  Starport  
  68  7:22  Barracks  
  68  7:25  Barracks  
  68  7:28  Supply Depot  
  68  7:31  Supply Depot  
  68  7:44  Widow Mine x3  
  74  7:54  Marine x3  
  74  7:55  Marine x2  
  79  8:10  Starport Reactor x2  
  79  8:12  Barracks Reactor, Combat Shields  
  79  8:14  Barracks Tech Lab  
  79  8:39  Liberator  
  79  8:40  Liberator  
  79  8:41  Liberator  
  79  8:42  Liberator  
  87  9:30  Marine x7  
  94  9:39  Viking  
  94  9:40  Medivac  
  94  9:41  Medivac, Viking  
  94  9:44  Engineering Bay  
  101  10:31  Marine x4  
  101  10:32  Marine x4  
  109  10:43  Supply Depot  
  109  10:44  Liberator  
  109  10:46  Supply Depot  
  109  10:48  Supply Depot  
  109  10:49  Marine  
  110  11:01  Marine  
  110  11:02  Medivac x2, Viking  
  120  11:10  Supply Depot  
  90  12:19  Marine x3  
  90  12:20  Marine x5  
  98  12:24  Widow Mine x2, Siege Tank  
  105  12:37  Marine x4  
  105  12:38  Marine x4  
  105  12:40  Bunker  
  105  12:43  Missile Turret  
  113  12:44  Supply Depot  
  113  13:13  Hi-Sec Auto Tracking  
  113  13:14  Terran Infantry Weapons Level 1  
  113  13:41  Marine x4  
  113  13:42  Marine x4  
  121  13:59  Marine x3  
  121  14:00  Marauder x2  
  127  14:22  Marauder  
  129  14:29  Marine x3  
  129  14:30  Marauder, Marine  
  122  15:13  Liberator  
  122  15:17  Marine x3  
  122  15:18  Marine x5  
  130  15:23  Stimpack  
  130  15:26  Terran Infantry Armor Level 1  
  130  15:27  Building Armor  
  130  15:30  Medivac, Viking x2  
  130  15:35  Marine x4  
  140  15:36  Marine x4  
  146  15:43  Liberator  
  146  16:00  Medivac  
  149  16:37  Viking  
  149  16:38  Medivac, Viking  
Show
View Real Time Build Order
Export as new Build Order

Kobra Zerg 

Build Orders: Pool First 

Get SALT Encoding   

  12  0:03  Drone  
  13  0:09  Drone  
  14  0:24  Extractor  
  14  0:25  Drone, Extractor  
  14  0:28  Drone  
  14  0:32  Overlord  
  16  0:45  Spawning Pool  
  15  0:51  Drone x2  
  17  1:03  Drone  
  18  1:10  Drone  
  19  1:22  Hatchery  
  19  1:23  Drone  
  19  1:29  Extractor  
  19  1:31  Drone  
  19  1:36  Queen  
  21  1:42  Drone  
  22  1:53  Overlord  
  22  2:12  Drone  
  22  2:13  Spore Crawler, Queen  
  24  2:19  Drone  
  25  2:34  Roach Warren  
  25  2:35  Drone x2  
  25  2:36  Drone  
  27  2:42  Queen  
  29  2:51  Drone x4  
  32  2:53  Zergling x2  
  34  3:23  Zergling x4  
  36  3:31  Overlord x2  
  36  3:34  Overlord  
  36  3:42  Metabolic Boost  
  36  3:45  Lair  
  36  3:49  Overlord  
  35  4:03  Zergling x4  
  35  4:04  Drone x2, Zergling x2  
  40  4:24  Drone x3  
  43  4:42  Drone x4  
  47  4:51  Extractor  
  45  5:01  Roach x2  
  45  5:02  Roach x4  
  45  5:06  Hatchery  
  56  5:23  Drone x3  
  56  5:25  Roach  
  61  5:38  Drone x3  
  61  5:39  Drone  
  65  5:45  Extractor  
  65  5:48  Extractor  
  63  5:57  Spore Crawler  
  62  6:07  Roach x2  
  62  6:08  Overlord x3  
  62  6:09  Overlord x3  
  66  6:13  Ravager  
  66  6:18  Ravager x2  
  69  6:20  Ravager  
  70  6:27  Roach  
  70  6:30  Zergling x6  
  75  6:36  Roach  
  75  6:37  Zergling x2, Roach  
  75  6:38  Zergling x4  
  82  6:40  Drone x3  
  85  6:47  Queen  
  87  7:10  Roach x5  
  87  7:11  Roach  
  99  7:16  Drone x3  
  102  7:25  Roach x3  
  109  7:37  Drone, Extractor  
  109  7:42  Zergling x4  
  109  7:43  Zergling x12  
  115  8:13  Roach x3  
  115  8:15  Overlord x5  
  121  8:20  Overlord x5  
  121  8:21  Overlord  
  121  8:34  Spore Crawler  
  120  8:37  Roach x3  
  120  8:39  Drone  
  121  9:11  Roach x6  
  133  9:32  Drone x3  
  133  9:33  Drone  
  136  9:55  Roach x6  
  136  9:56  Roach x4  
  136  9:57  Roach x2  
  158  10:16  Roach  
  158  10:17  Roach x4  
  158  10:19  Glial Reconstitution  
  168  10:25  Ravager  
  168  10:27  Ravager x3  
  168  10:28  Ravager  
  173  10:31  Zergling x6  
  173  10:32  Zergling x4  
  173  10:34  Zergling x4  
  173  10:35  Zergling x2  
  181  10:41  Roach  
  181  10:42  Roach  
  185  10:52  Extractor  
  113  11:39  Zergling x12  
  92  11:40  Zergling x12  
  66  11:52  Zergling x2  
  66  11:53  Zergling x12  
  57  12:11  Roach x2  
  57  12:12  Roach x3  
  67  12:22  Drone x3  
  70  12:29  Hydralisk Den  
  69  12:32  Spire  
  69  12:33  Lair  
  68  12:37  Drone  
  68  12:38  Drone x4  
  68  12:39  Drone  
  74  12:48  Roach x4  
  82  12:52  Zergling x6  
  84  13:07  Zergling x6  
  84  13:10  Hatchery  
  86  13:24  Zergling x6  
  89  13:28  Overlord  
  89  13:31  Drone x4  
  93  13:35  Burrow  
  93  13:49  Drone  
  93  13:50  Zergling x2  
  93  14:08  Ravager x2  
  87  14:27  Mutalisk  
  87  14:29  Hydralisk  
  77  14:36  Zergling x2  
  77  14:37  Zergling x4  
  69  14:45  Queen  
  69  14:48  Zergling x2  
  69  14:52  Drone x3  
  50  15:06  Mutalisk x2  
  35  15:21  Spine Crawler  
  34  15:22  Spine Crawler  
  34  15:24  Spine Crawler  
  34  15:26  Spine Crawler  
  29  15:29  Spine Crawler  
  29  15:30  Spine Crawler  
  29  15:32  Spine Crawler x2  
  29  15:33  Spine Crawler  
  29  15:34  Spine Crawler  
  21  15:38  Drone x3  
  22  15:56  Spawning Pool  
  16  16:20  Drone x4  
  16  16:21  Drone x2  
  8  16:40  Spawning Pool  
  8  16:46  Evolution Chamber  
  6  17:00  Drone  
  3  17:30  Zergling x4  
  3  17:31  Zergling x2  
Tags
 
Add a new tag
Caveats
  • Supply blocks, unpowered buildings, or Contaminate may cause inaccurate times.
  • Supply counts are checked every 10 seconds.